 Dungeon Crawl Stone Soup version 0.17-a0-1840-g87820a2 (webtiles) character file.

120 mcbry74 the Chopper (level 5, 0/46 HPs)
             Began as a Hill Orc Fighter on Sept 16, 2015.
             Succumbed to a scorpion's poison
             ... on level 4 of the Dungeon.
             The game lasted 00:24:12 (2551 turns).

mcbry74 the Chopper (Hill Orc Fighter)              Turns: 2551, Time: 00:24:12

Health: 0/46       AC: 10    Str: 19    XL:     5   Next: 4%
Magic:  14/14      EV:  7    Int:  9    God:
Gold:   242        SH:  9    Dex: 10    Spells: 0 memorised, 4 levels left

rFire  . . .     SeeInvis .     a - +0 war axe
rCold  . . .     Clarity  .     b - +0 scale mail
rNeg   . . .     SustAt   .     c - +0 shield
rPois  .         Gourm    .     (no helmet)
rElec  .         Spirit   .     h - +1 cloak
rCorr  .         Warding  .     (no gloves)
rMut   .         Stasis   .     m - +0 pair of boots (curse)
MR     .....                    (no amulet)
Stlth  ..........               (no ring)
                                t - ring of magical power

@: lethally poisoned (0 -> -5), not resistant to hostile enchantments, extremely
unstealthy
A: no striking features
a: no special abilities


You were on level 4 of the Dungeon.
You were not hungry.

You visited 1 branch of the dungeon, and saw 4 of its levels.

You collected 242 gold pieces.

Inventory:

Hand weapons
 a - a +0 war axe (weapon)
 n - a +0 dagger of draining
 o - a +0 dagger
Armour
 b - a +0 scale mail (worn)
 c - a +0 shield (worn)
 h - a +1 cloak (worn)
 m - a cursed +0 pair of boots (worn)
 q - a +0 pair of boots
Jewellery
 t - a ring of magical power (left hand)
Magical devices
 s - a wand of enslavement (11)
 u - a wand of cold (10)
Scrolls
 f - 4 scrolls of identify
 g - 2 scrolls of teleportation
 i - 2 scrolls of immolation {unknown}
 j - a scroll of enchant weapon {unknown}
 k - 2 scrolls of amnesia {unknown}
 r - a scroll of fear {unknown}
 y - a scroll of random uselessness {unknown}
Potions
 d - a potion of might
 l - a potion of haste {unknown}
 v - 4 potions of curing {unknown}
 w - a potion of brilliance {unknown}
 x - a potion of heal wounds {unknown}
 A - a potion of degeneration {unknown}
Comestibles
 e - 3 bread rations
 p - 3 meat rations
 z - 7 chunks of flesh
 C - a fruit


   Skills:
 + Level 4.2 Fighting
 * Level 4.4 Axes
 * Level 1.5 Throwing
 + Level 3.8 Armour
 + Level 4.0 Shields


You had 4 spell levels left.
You didn't know any spells.

Dungeon Overview and Level Annotations

Branches:
Dungeon (4/15)
 Temple: D:4-7

Altars:
Elyvilon
Gozag
Makhleb
Xom
Yredelemnul


Message History

The scorpion stings you but does no damage.
You hit the scorpion but do no damage.
The scorpion is heavily wounded.
* * * LOW HITPOINT WARNING * * *
You feel sick. You block the scorpion's attack.
Your shield prevents you from hitting the scorpion.
The scorpion is heavily wounded.
* * * LOW HITPOINT WARNING * * *
You feel sick. You block the scorpion's attack.
The scorpion stings you but does no damage.
You hit the scorpion but do no damage.
The scorpion is heavily wounded.
* * * LOW HITPOINT WARNING * * *
You feel sick. The scorpion stings you.
* * * LOW HITPOINT WARNING * * *
* * * LOW HITPOINT WARNING * * *
You feel sick.
* * * LOW HITPOINT WARNING * * *
You feel sick.
You die...

#.#.......# .........#
#.......# #.......#
#.......# # #.......#
#.#####.#.####
#........#.####### #
.##.(..###.(@.s.##.####
#.#.## ##...#..((....
#..<.# #......###.###
#.....#......##
.............###
####.#........#
#..#.....### ###.....##
###...#


You could see a scorpion.

Vanquished Creatures
  4 adders
  An ooze (D:2)
  3 worms
  3 giant geckos
  7 orcs (D:3)
  2 ball pythons
  A giant cockroach (D:1)
  2 goblins
  9 hobgoblins
  3 jackals (D:1)
  6 kobolds
  A quokka (D:3)
  7 bats
  3 giant newts
  7 rats
59 creatures vanquished.

Notes
Turn   | Place    | Note
--------------------------------------------------------------
     0 | D:1      | mcbry74 the Hill Orc Fighter began the quest for the Orb.
     0 | D:1      | Reached XP level 1. HP: 19/19 MP: 1/1
    63 | D:1      | Reached XP level 2. HP: 20/27 MP: 2/2
   685 | D:1      | Reached XP level 3. HP: 33/33 MP: 3/3
  1062 | D:2      | Found a white marble altar of Elyvilon.
  1070 | D:2      | Found a basalt altar of Yredelemnul.
  1136 | D:2      | Reached skill level 4 in Fighting
  1370 | D:2      | Found a faded altar to an unknown god.
  1574 | D:2      | Reached skill level 1 in Throwing
  1574 | D:2      | Reached XP level 4. HP: 40/40 MP: 4/4
  1910 | D:3      | Found a burning altar of Makhleb.
  2139 | D:3      | Found a shimmering altar of Xom.
  2239 | D:3      | Found an opulent altar of Gozag.
  2443 | D:3      | Reached XP level 5. HP: 11/46 MP: 5/5
  2549 | D:4      | HP: 2/46 [poisoned by a scorpion]
  2551 | D:4      | Succumbed to a scorpion's poison

Vault maps used:
D:1:      lightli_arrival_isolated_outpost, minmay_quantized
D:2:      grunt_temple_overflow_open, ecumenical_altar_1, grunt_decor_clamped,
          serial_bayou_lagoon_a
D:3:      nicolae_gozag_cash_rules_everything_around_me, lemuel_crystal_altar,
          first_bread, tgw_xom
D:4:      minmay_temple_entry_statues_pillars, nicolae_ossuary_entry_giza,
          uniq_eustachio, uniq_grinder, uniq_duvessa

Action                   |  1- 3 |  4- 6 || total
-------------------------+-------+-------++-------
Melee: War axe           |   127 |    97 ||   224
Throw: Tomahawk          |       |    10 ||    10
  Use: Scroll            |     3 |       ||     3
  Eat: Chunk             |     2 |     4 ||     6
